RL
PUHI DOLPHINS @ BOISE BLUEGILLS
04/20/2060
 
TOP OF THE 1ST
Puhi Dolphins batting - Pitching for Boise Bluegills : RHP Lucas Wallace
Pitching: RHP Lucas Wallace
Batting: RHB Cole Perkins 0-0: SINGLE (Line Drive, 56D, EV 98.8 MPH)
Batting: SHB Nathaniel Cossey 0-0: Called Strike
0-1: Foul Ball, location: 2F
0-2: Foul Ball, location: 2F
0-2: Strikes out swinging
Batting: LHB Dwayne Bushell 0-0: Called Strike
0-1: Swinging Strike
0-2: DOUBLE (Line Drive, 9LM, EV 103.8 MPH)
Cole Perkins to third
Runner from 3rd tries for Home, SAFE, throw by RF to trailing runner, SAFE at third!
Batting: RHB Kelly Brown 0-0: Foul Ball, location: 2F
0-1: Foul Ball, location: 2F
0-2: Fly out, F8 (Line Drive, 8RM, EV 93.8 MPH)
Runner from 3rd tags up, SCORES, throw by CF
Batting: RHB Derrick Velasquez 0-0: Fly out, F7 (Flyball, 8LS, EV 86.9 MPH)
Top of the 1st over - 2 runs, 2 hits, 0 errors, 0 left on base; Puhi 2 - Boise 0
BOTTOM OF THE 1ST
Boise Bluegills batting - Pitching for Puhi Dolphins : RHP Dan Moody
Pitching: RHP Dan Moody
Batting: RHB Darnell Finney 0-0: Called Strike
0-1: Called Strike
0-2: Foul Ball, location: 2F
0-2: Strikes out swinging
Batting: RHB Wes Rankin 0-0: Fly out, F7 (Flyball, 7D, EV 90.6 MPH)
Batting: LHB Nigel Torres 0-0: DOUBLE (Flyball, 8LXD, EV 98.1 MPH)
Batting: LHB Elias Mummert 0-0: Called Strike
0-1: Ball
1-1: Foul Ball, location: 2F
1-2: Ball
2-2: Ball
3-2: Ground out 4-3 (Groundball, 4D, EV 100.0 MPH)
Bottom of the 1st over - 0 runs, 1 hit, 0 errors, 1 left on base; Puhi 2 - Boise 0
TOP OF THE 2ND
Puhi Dolphins batting - Pitching for Boise Bluegills : RHP Lucas Wallace
Batting: LHB Colton Clem 0-0: Ball
1-0: Ball
2-0: Ball
3-0: Called Strike
3-1: Called Strike
3-2: Base on Balls
Batting: RHB Jonathan Hooper 0-0: Foul Ball, location: 2F
0-1: Fly out, F7 (Flyball, 7S, EV 88.1 MPH)
Batting: RHB Donald Bartell 0-0: Grounds into double play, 6-4-3 (Groundball, 6, EV 80.0 MPH)
Top of the 2nd over - 0 runs, 0 hits, 0 errors, 0 left on base; Puhi 2 - Boise 0
BOTTOM OF THE 2ND
Boise Bluegills batting - Pitching for Puhi Dolphins : RHP Dan Moody
Batting: RHB Marcus Trask 0-0: Ball
1-0: Ground out 6-3 (Groundball, 56, EV 111.2 MPH)
Batting: RHB Jalon Doty 0-0: Ball
1-0: Ground out 2-3 (Groundball, 15S, EV 72.5 MPH)
Batting: RHB T.J. Brugger 0-0: Hit by Pitch
Batting: RHB Will Stuart 0-0: Called Strike
0-1: DOUBLE (Line Drive, 78D, EV 111.2 MPH)
T.J. Brugger to third
Runner from 3rd tries for Home, SAFE, throw by LF to home
Batting: RHB Mickey Orozco 0-0: Ball
1-0: Swinging Strike
1-1: Foul Ball, location: 2F
1-2: Ball
2-2: Foul Ball, location: 2F
2-2: Fly out, F9 (Line Drive, 9S, EV 98.1 MPH)
Bottom of the 2nd over - 1 run, 1 hit, 0 errors, 1 left on base; Puhi 2 - Boise 1
TOP OF THE 3RD
Puhi Dolphins batting - Pitching for Boise Bluegills : RHP Lucas Wallace
Batting: RHB Sheik Kruger 0-0: Fly out, F8 (Flyball, 78D, EV 79.4 MPH)
Batting: RHB Cole Perkins 0-0: Ball
1-0: Ball
2-0: Fly out, F9 (Flyball, 9, EV 90.0 MPH)
Batting: SHB Nathaniel Cossey 0-0: SINGLE (Groundball, 34D, EV 99.4 MPH)
Batting: LHB Dwayne Bushell 0-0: Ball
Nathaniel Cossey steals 2nd, throwing error, E2
Nathaniel Cossey to third
1-0: Ball
2-0: Ball
3-0: Called Strike
3-1: Called Strike
3-2: 2-RUN HOME RUN (Flyball, 9D, EV 93.8 MPH), Distance : 356 ft
Batting: RHB Kelly Brown 0-0: Called Strike
0-1: Ball
1-1: Foul Ball, location: 2F
1-2: Strikes out swinging, 2-3 out at first.
Top of the 3rd over - 2 runs, 2 hits, 1 error, 0 left on base; Puhi 4 - Boise 1
BOTTOM OF THE 3RD
Boise Bluegills batting - Pitching for Puhi Dolphins : RHP Dan Moody
Batting: RHB Darnell Finney 0-0: Foul Ball, location: 2F
0-1: Ground out 6-3 (Groundball, 6, EV 90.6 MPH)
Batting: RHB Wes Rankin 0-0: Swinging Strike
0-1: Swinging Strike
0-2: Foul Ball, location: 2F
0-2: Foul Ball, location: 2F
0-2: Ball
1-2: Strikes out swinging
Batting: LHB Nigel Torres 0-0: Fly out, F7 (Line Drive, 7, EV 86.2 MPH)
Bottom of the 3rd over - 0 runs, 0 hits, 0 errors, 0 left on base; Puhi 4 - Boise 1
TOP OF THE 4TH
Puhi Dolphins batting - Pitching for Boise Bluegills : RHP Lucas Wallace
Batting: RHB Derrick Velasquez 0-0: Ball
1-0: Foul Ball, location: 2F
1-1: Ball
2-1: Called Strike
2-2: Strikes out swinging
Batting: LHB Colton Clem 0-0: Ball
1-0: Foul Ball, location: 2F
1-1: Called Strike
1-2: Foul Ball, location: 2F
1-2: Strikes out looking
Batting: RHB Jonathan Hooper 0-0: Ball
1-0: Ball
2-0: Foul Ball, location: 2F
2-1: Called Strike
2-2: Ball
3-2: SINGLE (Groundball, 4MD, EV 99.4 MPH)
Batting: RHB Donald Bartell 0-0: Ball
1-0: Foul Ball, location: 2F
1-1: Ball
2-1: Fly out, F8 (Flyball, 8RM, EV 88.1 MPH)
Top of the 4th over - 0 runs, 1 hit, 0 errors, 1 left on base; Puhi 4 - Boise 1
BOTTOM OF THE 4TH
Boise Bluegills batting - Pitching for Puhi Dolphins : RHP Dan Moody
Batting: LHB Elias Mummert 0-0: Swinging Strike
0-1: Swinging Strike
0-2: Ball
1-2: Foul Ball, location: 2F
1-2: Strikes out looking
Batting: RHB Marcus Trask 0-0: Ball
1-0: Called Strike
1-1: Fly out, F7 (Flyball, 7, EV 78.8 MPH)
Batting: RHB Jalon Doty 0-0: Ball
1-0: Ground out 5-3 (Groundball, 56, EV 103.8 MPH)
Bottom of the 4th over - 0 runs, 0 hits, 0 errors, 0 left on base; Puhi 4 - Boise 1
TOP OF THE 5TH
Puhi Dolphins batting - Pitching for Boise Bluegills : RHP Lucas Wallace
Batting: RHB Sheik Kruger 0-0: Ball
1-0: Foul Ball, location: 2F
1-1: Ball
2-1: Ground out 5-3 (Groundball, 15, EV 87.5 MPH)
Batting: RHB Cole Perkins 0-0: Foul Ball, location: 2F
0-1: Swinging Strike
0-2: Ball
1-2: Foul Ball, location: 2F
1-2: Foul Ball, location: 2F
1-2: Fly out, F8 (Line Drive, 8LM, EV 96.9 MPH)
Batting: SHB Nathaniel Cossey 0-0: Ball
1-0: Called Strike
1-1: Ball
2-1: Ball
3-1: Called Strike
3-2: Base on Balls
Batting: LHB Dwayne Bushell 0-0: Foul Ball, location: 2F
0-1: Foul Ball, location: 2F
0-2: Foul Ball, location: 2F
0-2: Foul Ball, location: 2F
0-2: Ball
1-2: Ball
2-2: Strikes out swinging
Top of the 5th over - 0 runs, 0 hits, 0 errors, 1 left on base; Puhi 4 - Boise 1
BOTTOM OF THE 5TH
Boise Bluegills batting - Pitching for Puhi Dolphins : RHP Dan Moody
Batting: RHB T.J. Brugger 0-0: Called Strike
0-1: Ball
1-1: Swinging Strike
1-2: Ball
2-2: Ball
3-2: Strikes out swinging
Batting: RHB Will Stuart 0-0: Foul Ball, location: 2F
0-1: Fly out, F8 (Flyball, 8RM, EV 78.8 MPH)
Batting: RHB Mickey Orozco 0-0: Called Strike
0-1: Ball
1-1: Swinging Strike
1-2: Foul Ball, location: 2F
1-2: Foul Ball, location: 2F
1-2: Foul Ball, location: 2F
1-2: Ball
2-2: Foul Ball, location: 2F
2-2: SOLO HOME RUN (Flyball, 7D, EV 93.8 MPH), Distance : 350 ft
Batting: RHB Darnell Finney 0-0: Ball
1-0: Fly out, F9 (Flyball, 9LM, EV 93.1 MPH)
Bottom of the 5th over - 1 run, 1 hit, 0 errors, 0 left on base; Puhi 4 - Boise 2
TOP OF THE 6TH
Puhi Dolphins batting - Pitching for Boise Bluegills : RHP Lucas Wallace
Batting: RHB Kelly Brown 0-0: Called Strike
0-1: Called Strike
0-2: Ball
1-2: SINGLE (Groundball, 56D, EV 100.6 MPH)
Batting: RHB Derrick Velasquez 0-0: Ball
1-0: Ball
2-0: Foul Ball, location: 2F
2-1: Foul Ball, location: 2F
2-2: Foul Ball, location: 2F
2-2: Foul Ball, location: 2F
2-2: Foul Ball, location: 2F
2-2: Ball
3-2: Strikes out swinging
Batting: LHB Colton Clem 0-0: Called Strike
0-1: Called Strike
0-2: Foul Ball, location: 2F
0-2: Ball
Wild Pitch!
Kelly Brown to second
1-2: Ball
2-2: Ball
3-2: Strikes out swinging
Pitching: RHP Ty Russell
Batting: RHB Jonathan Hooper 0-0: Called Strike
0-1: Ball
1-1: Called Strike
1-2: Ball
2-2: Strikes out swinging
Top of the 6th over - 0 runs, 1 hit, 0 errors, 1 left on base; Puhi 4 - Boise 2
BOTTOM OF THE 6TH
Boise Bluegills batting - Pitching for Puhi Dolphins : RHP Dan Moody
Batting: RHB Wes Rankin 0-0: Foul Ball, location: 2F
0-1: Foul Ball, location: 2F
0-2: Ball
1-2: Fly out, F3 (Popup, 3SF, EV 83.8 MPH)
Batting: LHB Nigel Torres 0-0: SINGLE (Line Drive, 7LS, EV 103.1 MPH)
Batting: LHB Elias Mummert 0-0: Ball
1-0: Called Strike
1-1: Called Strike
1-2: Strikes out swinging
Batting: RHB Marcus Trask 0-0: Fly out, F3 (Popup, 34, EV 65.6 MPH)
Bottom of the 6th over - 0 runs, 1 hit, 0 errors, 1 left on base; Puhi 4 - Boise 2
TOP OF THE 7TH
Puhi Dolphins batting - Pitching for Boise Bluegills : RHP Ty Russell
Pitching: LHP Denver Shottenkirk
Batting: RHB Donald Bartell 0-0: Swinging Strike
0-1: Foul Ball, location: 2F
0-2: Ball
1-2: Strikes out looking
Batting: RHB Sheik Kruger 0-0: Ground out 4-3 (Groundball, 4S, EV 67.5 MPH)
Batting: RHB Cole Perkins 0-0: SINGLE (Line Drive, 7LM, EV 99.4 MPH)
Batting: SHB Nathaniel Cossey 0-0: Called Strike
0-1: Ball
Cole Perkins is caught stealing 2nd base 2-4
Top of the 7th over - 0 runs, 1 hit, 0 errors, 0 left on base; Puhi 4 - Boise 2
BOTTOM OF THE 7TH
Boise Bluegills batting - Pitching for Puhi Dolphins : RHP Dan Moody
Batting: RHB Jalon Doty 0-0: Ball
1-0: Foul Ball, location: 2F
1-1: Called Strike
1-2: Foul Ball, location: 2F
1-2: DOUBLE (Line Drive, 9LM, EV 107.5 MPH)
Batting: RHB T.J. Brugger 0-0: Fly out, F8 (Flyball, 89S, EV 75.0 MPH)
Batting: RHB Will Stuart 0-0: Ball
1-0: Foul Ball, location: 2F
1-1: Foul Ball, location: 2F
1-2: Ball
2-2: Strikes out looking
Batting: RHB Mickey Orozco 0-0: Foul Ball, location: 2F
0-1: Swinging Strike
0-2: Foul Ball, location: 2F
0-2: Strikes out swinging
Bottom of the 7th over - 0 runs, 1 hit, 0 errors, 1 left on base; Puhi 4 - Boise 2
TOP OF THE 8TH
Puhi Dolphins batting - Pitching for Boise Bluegills : LHP Denver Shottenkirk
Batting: SHB Nathaniel Cossey 0-0: Ball
1-0: Called Strike
1-1: Ball
2-1: Ball
3-1: Called Strike
3-2: Strikes out swinging
Batting: LHB Dwayne Bushell 0-0: Ball
1-0: Ball
2-0: Called Strike
2-1: Ball
3-1: Called Strike
3-2: Base on Balls
Batting: RHB Kelly Brown 0-0: Reached on error, E6 (Groundball, 6, EV 87.5 MPH)
Dwayne Bushell to second
Batting: RHB Derrick Velasquez 0-0: Called Strike
0-1: Ball
1-1: Ball
2-1: Swinging Strike
2-2: Ball
3-2: Strikes out swinging
Batting: LHB Colton Clem 0-0: Called Strike
0-1: Ball
1-1: Swinging Strike
1-2: Strikes out swinging
Top of the 8th over - 0 runs, 0 hits, 1 error, 2 left on base; Puhi 4 - Boise 2
BOTTOM OF THE 8TH
Boise Bluegills batting - Pitching for Puhi Dolphins : RHP Dan Moody
Batting: RHB Darnell Finney 0-0: Ball
1-0: Foul Ball, location: 2F
1-1: Ball
2-1: Called Strike
2-2: Foul Ball, location: 2F
2-2: Ball
3-2: Strikes out looking
Pinch Hitting: RHB Quinn DeLorme 0-0: Fly out, F7 (Flyball, 7S, EV 79.4 MPH)
Batting: LHB Nigel Torres 0-0: Ball
1-0: Called Strike
1-1: Swinging Strike
1-2: Ball
2-2: Foul Ball, location: 2F
2-2: Foul Ball, location: 2F
2-2: Foul Ball, location: 2F
2-2: Strikes out swinging
Bottom of the 8th over - 0 runs, 0 hits, 0 errors, 0 left on base; Puhi 4 - Boise 2
TOP OF THE 9TH
Puhi Dolphins batting - Pitching for Boise Bluegills : LHP Denver Shottenkirk
Now at 3B: Quinn DeLorme
Batting: RHB Jonathan Hooper 0-0: Called Strike
0-1: Ball
1-1: Ground out U3 (Groundball, 34S, EV 85.6 MPH)
Batting: RHB Donald Bartell 0-0: Called Strike
0-1: Ball
1-1: Fly out, F8 (Flyball, 8RD, EV 106.2 MPH)
Batting: RHB Sheik Kruger 0-0: Foul Ball, location: 2F
0-1: Swinging Strike
0-2: Fly out, F9 (Flyball, 9D, EV 98.8 MPH)
Top of the 9th over - 0 runs, 0 hits, 0 errors, 0 left on base; Puhi 4 - Boise 2
BOTTOM OF THE 9TH
Boise Bluegills batting - Pitching for Puhi Dolphins : RHP Dan Moody
Pitching: RHP Caden Seder
Batting: LHB Elias Mummert 0-0: Called Strike
0-1: SOLO HOME RUN (Flyball, 9D, EV 93.1 MPH), Distance : 371 ft
Batting: RHB Marcus Trask 0-0: Reached on error, E4 (Flyball, 34D, EV 86.9 MPH)
Pinch Hitting: LHB Tyler Davis 0-0: Bunted foul
0-1: Sac Bunt to P - play at first, batter OUT! 1-3
Marcus Trask to second
Batting: RHB T.J. Brugger 0-0: Called Strike
0-1: Ball
1-1: Foul Ball, location: 2F
1-2: SINGLE (Groundball, 6MD, EV 98.8 MPH)
Marcus Trask to third
Batting: RHB Will Stuart 0-0: Foul Ball, location: 2F
0-1: Ball
1-1: Called Strike
1-2: Ball
2-2: Ball
3-2: Base on Balls
T.J. Brugger to second
Batting: RHB Mickey Orozco 0-0: Fly out, F8 (Flyball, 8LM, EV 96.2 MPH)
Runner from 3rd tags up, SCORES, throw by CF
T.J. Brugger to third
Batting: RHB Darnell Finney 0-0: Ball
1-0: Foul Ball, location: 2F
1-1: Ball
2-1: Ball
3-1: Called Strike
3-2: Base on Balls
Will Stuart to second
Batting: RHB Quinn DeLorme 0-0: Called Strike
0-1: Ball
1-1: Foul Ball, location: 2F
1-2: Ball
2-2: Strikes out swinging
Bottom of the 9th over - 2 runs, 2 hits, 1 error, 3 left on base; Puhi 4 - Boise 4
TOP OF THE 10TH
Puhi Dolphins batting - Pitching for Boise Bluegills : LHP Denver Shottenkirk
Pitching: RHP Gavin Balog
Now at 1B: Tyler Davis
Now in RF: Elias Mummert
Batting: RHB Cole Perkins 0-0: Called Strike
0-1: Called Strike
0-2: Ball
1-2: Ball
2-2: Ball
3-2: Ground out 4-3 (Groundball, 34, EV 90.0 MPH)
Batting: SHB Nathaniel Cossey 0-0: Ball
1-0: Ball
2-0: Ball
3-0: Base on Balls
Batting: LHB Dwayne Bushell 0-0: Called Strike
Nathaniel Cossey is caught stealing 2nd base 2-6
0-1: SOLO HOME RUN (Flyball, 9LD, EV 91.2 MPH), Distance : 350 ft
Batting: RHB Kelly Brown 0-0: Ball
1-0: Foul Ball, location: 2F
1-1: SINGLE (Groundball, 6MD, EV 97.5 MPH)
Batting: RHB Derrick Velasquez 0-0: Called Strike
0-1: Foul Ball, location: 2F
0-2: Ball
1-2: Ball
2-2: Strikes out swinging
Top of the 10th over - 1 run, 2 hits, 0 errors, 1 left on base; Puhi 5 - Boise 4
BOTTOM OF THE 10TH
Boise Bluegills batting - Pitching for Puhi Dolphins : RHP Caden Seder
Pitching: LHP Marcus Welch
Now in RF: Leighton Muhsin
Batting: LHB Nigel Torres 0-0: Swinging Strike
0-1: Ball
1-1: Ball
2-1: Swinging Strike
2-2: Ball
3-2: SINGLE (Groundball, 4MD, EV 108.8 MPH)
Batting: LHB Elias Mummert 0-0: Ball
1-0: Called Strike
1-1: Fly out, F8 (Flyball, 78D, EV 90.0 MPH)
Batting: RHB Marcus Trask 0-0: Foul Ball, location: 2F
0-1: Swinging Strike
0-2: Fly out, F7 (Flyball, 78S, EV 91.2 MPH)
Pinch Hitting: RHB Johnathan Storer 0-0: Foul Ball, location: 2F
0-1: SINGLE (Line Drive, 3D, EV 99.4 MPH)
Nigel Torres to second
Runner from 2nd tries for 3rd, SAFE, throw by RF made to third
Batting: RHB T.J. Brugger 0-0: Ground out 5-3 (Groundball, 25, EV 91.2 MPH)
Bottom of the 10th over - 0 runs, 2 hits, 0 errors, 2 left on base; Puhi 5 - Boise 4
Monday, April 29th , 2024 - OOTP Baseball 23.10 Build 110